 Dungeon Crawl Stone Soup version 0.21.1-1-g345015fe64 (webtiles) character file.

464 RUZZLEFAZAZZLE the Skirmisher (level 7, 0/61 HPs)
             Began as a Hill Orc Fighter on Feb 6, 2018.
             Was an Initiate of Okawaru.
             Succumbed to an orc wizard's poison
             ... on level 5 of the Dungeon.
             The game lasted 00:12:46 (3788 turns).

RUZZLEFAZAZZLE the Skirmisher (Hill Orc Fighter)    Turns: 3788, Time: 00:12:46

Health: 0/61       AC: 13    Str: 21    XL:     7   Next: 8%
Magic:  1/7        EV:  4    Int: 13    God:    Okawaru [......]
Gold:   309        SH: 11    Dex:  8    Spells: 6/6 levels left

rFire    + . .     SeeInvis .   a - +1 war axe
rCold    . . .     Gourm    .   c - +0 shield
rNeg     . . .     Faith    .   e - +0 plate armour
rPois    .         Spirit   .   p - +0 helmet
rElec    .         Reflect  +   (no cloak)
rCorr    .         Harm     .   (no gloves)
MR       .....                  (no boots)
Stlth    ..........             h - +2 amulet of reflection
HPRegen  0.20/turn              l - ring of protection from fire
MPRegen  0.10/turn              n - ring of loudness (curse)

@: brilliant, lethally poisoned (0 -> -5)
A: fangs 1, clumsy 1
a: Renounce Religion


You were on level 5 of the Dungeon.
You worshipped Okawaru.
Okawaru was noncommittal.
You were not hungry.

You visited 1 branch of the dungeon, and saw 5 of its levels.

You collected 309 gold pieces.

Inventory:

Hand Weapons
 a - a +1 war axe (weapon)
Armour
 c - a +0 shield (worn)
 e - a +0 plate armour (worn)
 p - a +0 helmet (worn)
Jewellery
 d - an uncursed amulet of guardian spirit
 h - a +2 amulet of reflection (around neck)
 l - a ring of protection from fire (left hand)
 n - a cursed ring of loudness (right hand)
Wands
 j - a wand of polymorph (10)
 v - a wand of paralysis (8)
Scrolls
 g - a scroll of amnesia
 i - 2 scrolls of remove curse
 o - a scroll of teleportation
 q - a scroll of fear
 r - a scroll of enchant armour
 t - a scroll of magic mapping
Potions
 m - 3 potions of flight
Comestibles
 f - 7 rations
 s - 2 chunks of flesh


   Skills:
 + Level 5.5 Fighting
 + Level 5.4 Axes
 + Level 5.1 Armour
 + Level 5.0 Shields


You had 6 spell levels left.
You didn't know any spells.

Dungeon Overview and Level Annotations

Branches:
Dungeon (5/15)
 Temple: D:4-7

Altars:
Ashenzari
Cheibriados
Fedhas
Makhleb
Okawaru
Qazlal
Sif Muna
Trog
Uskayaw
Yredelemnul
Zin


Innate Abilities, Weirdness & Mutations

You have very sharp teeth.
You are clumsy. (Dex -2)


Message History

h - a +2 amulet of reflection (around neck)
* * * LOW HITPOINT WARNING * * *
You feel sick.
Okay, then.
As you read the scroll labeled GESTRU CUMU, it crumbles to dust.
It is a scroll of enchant weapon.
Your +0 war axe glows red for a moment.
* * * LOW HITPOINT WARNING * * *
You feel sick.
* * * LOW HITPOINT WARNING * * *
You feel sick.
Items here: %% )))) [[[[ †
* * * LOW HITPOINT WARNING * * *
You feel sick.
* * * LOW HITPOINT WARNING * * *
You feel sick.
Items here: %% )))) [[[[ †
* * * LOW HITPOINT WARNING * * *
You feel sick.
You die...

##.#.### #.# #.# ...#...# #.#
#.# .#####.# ##.# #.# ...#...#
##..########.# ##.#.###
##.#........... ##...#
#.#...#######.# ....## ###._...#
#.# ....#############.......#
#.# ##............).@.###.###
#.#
#.#######..#########.#########.#
#.# #.....# #.......#...#.# #.#
#.(_..# #.......#.....# #.#
#._8_o. ###...####..### #..
....{...# #.......#...#
#..###...$.## #...#...#...# #.
#..#### ###≈#≈###...# #.#
..#.....#.#


There were no monsters in sight!

Vanquished Creatures
  An ogre (D:4)
  A crimson imp (D:5)
  A hound (D:4)
  3 orc wizards (D:5)
  An iguana (D:5)
  Natasha (thrice) (D:3)
  3 worker ants
  An adder (D:3)
  2 oozes
  An adder zombie (D:5)
  8 leopard geckos
  6 orcs
  4 bats
  2 giant cockroaches (D:2)
  3 goblins
  2 hobgoblins
  3 jackals (D:2)
  4 kobolds
  2 quokkas
  2 ball pythons
  8 frilled lizards
  A rat (D:2)
62 creatures vanquished.

Notes
Turn   | Place    | Note
-------+----------+-------------------------------------------
     0 | D:1      | RUZZLEFAZAZZLE the Hill Orc Fighter began the quest for the Orb.
     0 | D:1      | Reached XP level 1. HP: 19/19 MP: 1/1
   266 | D:1      | Reached XP level 2. HP: 27/27 MP: 2/2
  1306 | D:2      | Reached XP level 3. HP: 33/33 MP: 3/3
  2255 | D:3      | Noticed Natasha
  2274 | D:3      | Killed Natasha
  2274 | D:3      | Reached XP level 4. HP: 11/40 MP: 4/4
  2575 | D:3      | Noticed Natasha
  2600 | D:3      | Killed Natasha
  2862 | D:3      | Noticed Natasha
  2882 | D:3      | Killed Natasha
  2882 | D:3      | Reached XP level 5. HP: 47/47 MP: 5/5
  3136 | D:4      | Found a shattered altar of Ashenzari.
  3258 | D:4      | Found a burning altar of Makhleb.
  3429 | D:4      | Noticed an ogre
  3445 | D:4      | Killed an ogre
  3445 | D:4      | Reached skill level 5 in Fighting
  3445 | D:4      | Reached XP level 6. HP: 37/56 MP: 6/6
  3534 | D:4      | Found a snail-covered altar of Cheibriados.
  3566 | D:5      | Entered Level 5 of the Dungeon
  3566 | D:5      | Found an iron altar of Okawaru.
  3566 | D:5      | Found a basalt altar of Yredelemnul.
  3584 | D:5      | Reached skill level 5 in Axes
  3602 | D:5      | Became a worshipper of Warmaster Okawaru
  3659 | D:5      | Found a bloodstained altar of Trog.
  3678 | D:5      | Found a blossoming altar of Fedhas.
  3737 | D:5      | Found a stormy altar of Qazlal.
  3738 | D:5      | Found a hide-covered altar of Uskayaw.
  3738 | D:5      | Found a glowing silver altar of Zin.
  3738 | D:5      | Found a deep blue altar of Sif Muna.
  3754 | D:5      | Reached skill level 5 in Armour
  3757 | D:5      | Reached skill level 5 in Shields
  3759 | D:5      | Reached XP level 7. HP: 56/61 MP: 7/7
  3779 | D:5      | Gained mutation: You are clumsy. (Dex -2) [potion of mutation]
  3779 | D:5      | Gained mutation: You have very sharp teeth. [potion of mutation]
  3785 | D:5      | HP: 3/61 [poisoned by an orc wizard]
  3787 | D:5      | HP: 1/61 [poisoned by an orc wizard]
  3788 | D:5      | Succumbed to an orc wizard's poison

Skill      XL: |  1  2  3  4  5  6 |
---------------+-------------------+-----
Axes           | 3 4 5 |  5.4
Fighting       | 4 5 |  5.5
Armour         | 4 5 |  5.1
Shields        | 4 5 |  5.0

Action                   |  1- 3 |  4- 6 |  7- 9 || total
-------------------------+-------+-------+-------++-------
Melee: War axe           |   180 |   117 |    11 ||   308
       Unarmed           |       |     8 |       ||     8
  Use: Scroll            |     5 |     8 |     1 ||    14
       Potion            |     2 |     1 |     2 ||     5
 Stab: Confused          |       |     1 |       ||     1
  Eat: Chunk             |     5 |     5 |       ||    10
Armor: Plate armour      |   107 |    69 |     4 ||   180
       Scale mail        |    19 |       |       ||    19
       Skin              |       |     2 |       ||     2
Dodge: Dodged            |    39 |    20 |       ||    59
Block: Shield            |   117 |    84 |     2 ||   203
       Reflection        |     1 |       |       ||     1
